 Dungeon Crawl Stone Soup version 0.31-a0-986-g5e6e4ef867 (webtiles) character file.

Game seed: 18385542946552923751

30977 Skeral the Grappler (level 13, 0/137 HPs)
             Began as a Troll Artificer on Nov 9, 2023.
             Was a High Priest of Uskayaw.
             Slain by a boulder beetle (10 damage)
             ... on level 5 of the Lair of Beasts.
             The game lasted 00:38:53 (11364 turns).

Skeral the Grappler (Troll Artificer)              Turns: 11364, Time: 00:38:54

Health: 0/137      AC: 15    Str: 23    XL:     13   Next: 23%
Magic:  18/18      EV:  9    Int:  7    God:    Uskayaw [*****.]
Gold:   284        SH:  0    Dex: 14    Spells: 12/12 levels left

rFire   + .          .
                       - Unarmed
rCold   . . .        (no shield)
rNeg    . . .        E - +0 swamp dragon scales
rPois   +            (helmet restricted)
rElec   .            K - +0 cloak
rCorr   .            (gloves unavailable)
SInv    .            (boots unavailable)
Will    .....        (no amulet)
Stlth   +            F - ring of protection from fire
HPRegen 1.22/turn    O - +4 ring of protection
MPRegen 0.16/turn

%: no passive effects
@: no status effects
A: large, unfitting armour, claws 3, regeneration 1, shaggy fur 1, tough skin 1
a: Renounce Religion, Stomp, Line Pass, Grand Finale


You were on level 5 of the Lair of Beasts.
You worshipped Uskayaw.
Uskayaw was aware of your devotion.
You visited 2 branches of the dungeon, and saw 15 of its levels.
You also visited: Ossuary.

You collected 824 gold pieces.
You spent 540 gold pieces at shops.


Innate Abilities, Weirdness & Mutations

You are too large for most types of armour.
You have claws for hands.
Your natural rate of healing is unusually fast.
You are covered in fur. (AC +1)
You have tough skin. (AC +1)


   Skills:
 + Level 11.4 Fighting
 - Level 4.0 Armour
 + Level 2.3 Dodging
 - Level 0.3 Stealth
 + Level 13.3 Unarmed Combat
 + Level 8.1 Invocations
 - Level 2.1 Evocations
 - Level 7.0 Shapeshifting


You had 12 spell levels left.
You didn't know any spells.
Your spell library contained the following spells:

 Spells                   Type           Power      Damage    Failure   Level
 Sandblast                Erth           0%         2d4       56%         1
 Blink                    Tloc           0%         N/A       71%         2
 Cigotuvi's Dreadful Rot  Necr/Pois/Air  0%         N/A       71%         2
 Ensorcelled Hibernation  Hex/Ice        0%         N/A       71%         2
 Lesser Beckoning         Tloc           0%         N/A       71%         2
 Momentum Strike          Conj/Tloc      0%         3d8       71%         2
 Passwall                 Tmut/Erth      0%         N/A       71%         2
 Call Canine Familiar     Summ           0%         N/A       91%         3
 Ignite Poison            Fire/Tmut/Pois 0%         N/A       91%         3
 Sigil of Binding         Hex            0%         N/A       91%         3
 Stone Arrow              Conj/Erth      0%         3d7       91%         3
 Swiftness                Air            0%         N/A       91%         3
 Tukima's Dance           Hex            0%         N/A       91%         3
 Animate Armour           Summ/Erth      0%         N/A       100%        4
 Brom's Barrelling Bould  Conj/Erth      0%         2d3       100%        4
 Dimensional Bullseye     Hex/Tloc       0%         N/A       100%        4
 Iskenderun's Mystic Bla  Conj/Tloc      0%         2d3       100%        4
 Leda's Liquefaction      Hex/Erth       0%         N/A       100%        4
 Summon Lightning Spire   Summ/Air       0%         N/A       100%        4
 Freezing Cloud           Conj/Ice/Air   0%         6-21      100%        5
 Lee's Rapid Deconstruct  Erth           0%         3d4*      100%        5

Inventory:

Missiles
 r - 3 atropa-tipped darts
 w - 6 boomerangs
 x - 6 silver javelins
 y - 26 poisoned darts (quivered)
 L - a curare-tipped dart {=f}
Armour
 E - +0 swamp dragon scales (worn)
   (You bought it in a shop on level 7 of the Dungeon)
 K - a +0 cloak (worn)
   (You found it on level 9 of the Dungeon)
Jewellery
 s - a ring of willpower
   (You found it on level 3 of the Dungeon)
 F - a ring of protection from fire (left claw)
   (You found it on level 9 of the Dungeon)
 O - a +4 ring of protection (right claw)
   (You found it on level 6 of the Dungeon)
 T - an amulet of magic regeneration
   (You found it on level 7 of the Dungeon)
Talismans
 p - a flux talisman
   (You found it on level 3 of the Dungeon)
Wands
 b - a wand of roots (23)
   (You found it on level 5 of the Dungeon)
 c - a wand of flame (41)
 d - a wand of charming (15)
 e - a wand of iceblast (3)
 h - a wand of paralysis (11)
   (You found it on level 7 of the Dungeon)
 Q - a wand of quicksilver (4)
   (You found it on level 10 of the Dungeon)
 R - a wand of polymorph (4)
   (You found it on level 2 of the Lair of Beasts)
Scrolls
 a - 2 scrolls of torment {!r}
 g - 8 scrolls of teleportation {@r4}
 l - 2 scrolls of blinking {unknown}
 m - 2 scrolls of enchant weapon
 n - 9 scrolls of fog {unknown}
 o - 3 scrolls of poison {!r}
 q - 5 scrolls of enchant armour
 A - a scroll of amnesia {unknown}
 H - a scroll of fear
 J - a scroll of revelation
 N - 2 scrolls of vulnerability {unknown}
 S - a scroll of silence {unknown}
Potions
 f - 2 potions of mutation {!q}
 i - 6 potions of enlightenment {unknown}
 j - 3 potions of degeneration {unknown}
 k - a potion of berserk rage {!q}
 t - 3 potions of haste {@q3}
 u - 3 potions of curing {@q1}
 v - a potion of cancellation
 z - a potion of attraction {unknown}
 B - 5 potions of brilliance {unknown}
 C - a potion of invisibility {unknown}
 D - 3 potions of heal wounds {unknown}
 G - 2 potions of might {unknown}
 P - 2 potions of lignification {unknown}

Dungeon Overview and Level Annotations

Branches:
Dungeon (10/15) Zot: 26622  Temple (0/1) D:7            Lair (5/5) D:8 Zot: 26446
  Swamp (0/4) Lair:3        Snake (0/4) Lair:3      Ossuary (visited)
  Slime: Lair:4-5       Orc: D:9-12

Altars:
Cheibriados
Elyvilon
Fedhas
Hepliaklqana
Qazlal
Ru
Uskayaw

Shops:
D:7 *

Annotations:
D:4 2 transporters
D:10 2 runed translucent doors, bchevrier's ghost, journeyman GnWn

... .....#. #
#.+......## .. ##.#
... .....# ##..## ..#
..........##....# #..#
...............(##..P#
....P.....P...†.#....#
...##.....####B#.#.#
###..#...#### ##@...##
#.#.......#.#####....#
##..##...#....##.....#
.††..†..............##
.†.....#P..#..#P..#.#
###.#..##.###########
#########


You could see a boulder beetle (poisoned).


Message History

😮 HP[-11]
You take 11 damage, and now have 90/137 hp.
You claw the boulder beetle! The boulder beetle bites you. 😮 HP[-4]
You take 4 damage, and now have 86/137 hp.
You scratch the boulder beetle. The boulder beetle bites you! 😮 HP[-7]
You take 7 damage, and now have 79/137 hp.
You scratch the boulder beetle but do no damage.
The yak barely misses you. 😮 HP[+1]
You scratch the boulder beetle but do no damage.
You claw the boulder beetle, but do no damage.
The boulder beetle bites you. The yak gores you!
* * * LOW HITPOINT WARNING * * *
😨 HP[-14]
You take 14 damage, and now have 66/137 hp.
You scratch the boulder beetle. You claw the boulder beetle!
The boulder beetle bites you!
* * * LOW HITPOINT WARNING * * *
Uskayaw will force your foes to helplessly watch your dance. 😨 HP[-7]
You take 7 damage, and now have 59/137 hp.
You scratch the boulder beetle. The yak closely misses you.
The yak gores you but does no damage. The boulder beetle bites you!
* * * LOW HITPOINT WARNING * * *
😨 HP[-12]
You take 12 damage, and now have 47/137 hp.
You scratch the boulder beetle. The yak closely misses you.
The yak barely misses you. 😨 HP[+1]
You barely miss the yak.
The boulder beetle bites you but does no damage.
The yak gores you.
* * * LOW HITPOINT WARNING * * *
The yak gores you.
* * * LOW HITPOINT WARNING * * *
😨 HP[-6]
You take 6 damage, and now have 42/137 hp.
You claw the yak! The boulder beetle barely misses you.
Uskayaw prepares the audience for your solo! 😨 HP[+1]
The helpless boulder beetle fails to defend itself.
You scratch the boulder beetle. 😨 HP[+1]
The helpless yak fails to defend itself.
You eviscerate the yak!!!
You kill the yak!
The boulder beetle is no longer paralysed.
Uskayaw will force your foes to share their pain. 😨 HP[+1]
You claw the boulder beetle! Your claw misses the boulder beetle.
The boulder beetle bites you but does no damage. 😨 HP[+1]
You scratch the boulder beetle but do no damage.
The yak is no longer paralysed.
The boulder beetle barely misses you. 😨 HP[+1]
You scratch the yak. The yak gores you.
* * * LOW HITPOINT WARNING * * *
😨 HP[-5]
You take 5 damage, and now have 42/137 hp.
You closely miss the yak.
The boulder beetle leaps!
The yak gores you but does no damage. 😨 HP[+1]
You scratch the yak but do no damage. The yak barely misses you. 😨 HP[+1]
The yak attacks as it pursues you! The yak barely misses you. 😨 HP[+1]
You claw the yak! 😨 HP[+1]
You claw the yak! The yak gores you!
* * * LOW HITPOINT WARNING * * *
The boulder beetle curls into a ball and begins rolling!
You can now merge with and destroy a victim. 😨 HP[-6]
You take 6 damage, and now have 40/137 hp.
You claw the yak!
You kill the yak! 😨 HP[+1] Throw: 28 darts (poison)
Press: ? - help, Q - select action, (/) - cycle Shift-Dir - straight line, f - boulder beetle
Aim: a boulder beetle (heavily wounded, rolling, 90% to hit)
You throw a poisoned dart.
The poisoned dart hits the boulder beetle. 😨 HP[+1] Throw: 27 darts (poison)
Press: ? - help, Q - select action, (/) - cycle Shift-Dir - straight line, f/p - boulder beetle
Aim: a boulder beetle (heavily wounded, rolling, 90% to hit)
You throw a poisoned dart.
The poisoned dart hits the boulder beetle.
The boulder beetle is poisoned.
The boulder beetle hits you!!!
* * * LOW HITPOINT WARNING * * *
The boulder beetle stops rolling and uncurls. 😱 HP[-38]
You take 38 damage, and now have 4/137 hp.
MASSIVE DAMAGE!! (PAUSE) Unknown command.
You feel better. The boulder beetle bites you!
You die...

Skill      XL: |  1  2  3  4  5  6  7  8  9 10 11 12 13 |
---------------+----------------------------------------+-----
Fighting       | 1 3 4 5 6 7 8 9 11 | 11.4
Unarmed Combat | 1 3 4 5 7 8 9 11 12 13 | 13.3
Shapeshifting  | 2 3 4 5 7 |  7.0
Invocations    | 1 4 6 7 8 |  8.1
Armour         | 1 4 |  4.0
Dodging        | 2 |  2.3
Stealth        | |  0.3
Evocations     | |  2.1

Action                     |  1- 3 |  4- 6 |  7- 9 | 10-12 | 13-15 || total
---------------------------+-------+-------+-------+-------+-------++-------
  Melee: Unarmed           |    77 |   170 |   335 |   581 |    76 ||  1239
         Punch             |     1 |     6 |    11 |    40 |     9 ||    67
  Throw: Dart              |       |       |       |    13 |     2 ||    15
 Invoke: Line Pass         |       |       |       |     1 |       ||     1
  Evoke: Wand              |     5 |     7 |     2 |    12 |       ||    26
    Use: Scroll            |       |       |     8 |     7 |       ||    15
         Potion            |       |       |       |       |     1 ||     1
   Stab: Sleeping          |     3 |       |     1 |       |       ||     4
         Paralysed         |       |       |    13 |    42 |    15 ||    70
 Armour: Robe              |    34 |   126 |   162 |       |       ||   322
         Swamp dragon scal |       |       |    45 |   583 |    64 ||   692
         Steam dragon scal |       |       |    15 |       |       ||    15
  Dodge: Dodged            |    45 |    77 |   151 |   241 |    29 ||   543

Levels and vault maps discovered:
D:1:      lightli_arrival_lavapool, layout_basic, serial_forest,
          infiniplex_forest_zigzag_1, infiniplex_forest_clump_diagonal,
          infiniplex_forest_straight_3, infiniplex_forest_clump_medium,
          minmay_misc_feat_chi, st_stairs_2, nicolae_the_louvre
D:2:      layout_rooms, shapermc_ecumenical_altar_mp_highgroup, uniq_sigmund,
          uniq_robin
D:3:      layout_loops_ring
D:4:      cheibrodos_old_hovel, layout_cave_pools, dancing_weapons_uskayaw,
          gammafunk_temple_overflow_arena, serial_glass, glass_columns_b,
          glass_columns_a, minmay_distorted
D:5:      layout_cave_pools, mainiacjoe_overflow_six_doors_small,
          mainiacjoe_overflow_catwalk_spiral, uniq_pikel
D:6:      layout_basic, kennysheep_slug_shrine, gup_ossuary_entry_pyramid
D:7:      layout_loops_ring, minmay_temple_entry_poolview, grunt_ministairs_4,
          guppyfry_shop_venom
D:8:      layout_layer_cave, david_lair_generic, uniq_maggie,
          uniq_prince_ribbit1
D:9:      layout_irregular_city, grunt_qazlal_clouds
D:10:     layout_roguey, mainiacjoe_overflow_concentric_impassable,
          muffindrake_ghost_dual_entry, minmay_joined_circles
Lair:1:   layout_cave_pods, chequers_serial_rivers_micro_b,
          amcnicky_mini_pool_medium
Lair:2:   hellmonk_destroyed_diamonds, layout_gridlike, serial_bayou_ford_a,
          beast_lair_carwin_11
Lair:3:   layout_loops_ring, alex1729_swamp_entry_worm_eleionoma,
          nicolae_snake_entry_squirm
Lair:4:   gammafunk_mikee_crab_dinner, layout_hall_layers, basic_altar,
          serial_bayou_pond_a
Lair:5:   gammafunk_lair_ancient_temple, layout_regular_city, slime_entry_1,
          infiniplex_staircase_pool

Notes
Turn   | Place    | Note
-------+----------+-------------------------------------------
     0 | D:1      | Skeral the Troll Artificer began the quest for the Orb.
     0 | D:1      | Reached XP level 1. HP: 18/18 MP: 0/0
     0 | D:1      | magus.rc [v1.10.3]
    24 | D:1      | Reached skill level 1 in Fighting
    37 | D:1      | You add the spells Cigotuvi's Dreadful Rot, Ignite Poison
                  | and Freezing Cloud to your library.
    66 | D:1      | Reached skill level 1 in Unarmed Combat
   162 | D:1      | Reached XP level 2. HP: 27/27 MP: 1/1
   705 | D:1      | Reached XP level 3. HP: 35/35 MP: 2/2
   894 | D:2      | Found a faded altar of an unknown god.
   947 | D:2      | Noticed Sigmund
  1006 | D:2      | Killed Sigmund
  1007 | D:2      | Reached skill level 3 in Fighting
  1007 | D:2      | Reached skill level 3 in Unarmed Combat
  1007 | D:2      | Reached XP level 4. HP: 45/45 MP: 3/3
  1007 | D:2      | Reached XP level 5. HP: 53/53 MP: 4/4
  1048 | D:2      | Noticed Robin
  1060 | D:2      | Killed Robin
  1160 | D:2      | Reached skill level 4 in Unarmed Combat
  1371 | D:3      | Reached XP level 6. HP: 61/61 MP: 5/5
  1568 | D:3      | HP: 15/61 [poisoned by an orc]
  1923 | D:3      | You pick up a book of Geomancy and begin reading...
  1923 | D:3      | You add the spells Sandblast, Passwall, Stone Arrow and
                  | Brom's Barrelling Boulder to your library.
  2089 | D:4      | Found a transporter.
  2089 | D:4      | Found a transporter.
  2094 | D:4      | Found a sacrificial altar of Ru.
  2149 | D:4      | Reached skill level 1 in Shapeshifting
  2223 | D:4      | Reached skill level 4 in Fighting
  2413 | D:4      | Noticed a +0 dagger
  2413 | D:4      | Noticed a +0 dagger
  2442 | D:4      | Found a hide-covered altar of Uskayaw.
  2496 | D:4      | Became a worshipper of Uskayaw the Reveller
  2621 | D:5      | Entered Level 5 of the Dungeon
  2621 | D:5      | Noticed an ice beast
  2629 | D:4      | Reached * piety under Uskayaw
  2632 | D:4      | Reached ** piety under Uskayaw
  2687 | D:5      | Killed an ice beast
  2687 | D:5      | Reached *** piety under Uskayaw
  2688 | D:5      | Reached skill level 2 in Shapeshifting
  2688 | D:5      | Reached XP level 7. HP: 55/70 MP: 6/6
  2731 | D:5      | Found a white marble altar of Elyvilon.
  2751 | D:5      | Noticed Pikel
  2775 | D:5      | Reached **** piety under Uskayaw
  2830 | D:5      | HP: 17/70 [Pikel/+2 whip of electrocution (7)]
  2831 | D:5      | Killed Pikel
  2832 | D:5      | Reached skill level 5 in Fighting
  2832 | D:5      | Reached skill level 5 in Unarmed Combat
  2832 | D:5      | Reached skill level 3 in Shapeshifting
  2832 | D:5      | Reached XP level 8. HP: 21/80 MP: 7/7
  2948 | D:5      | Reached skill level 6 in Unarmed Combat
  2971 | D:5      | You fall into a shaft and drop 3 floors!
  3180 | D:8      | Noticed Prince Ribbit
  3373 | D:7      | Reached skill level 4 in Shapeshifting
  3449 | D:7      | You pick up a book of the Hunter and begin reading...
  3449 | D:7      | You add the spells Sigil of Binding, Call Canine Familiar,
                  | Dimensional Bullseye and Leda's Liquefaction to your
                  | library.
  3480 | D:7      | Found Roden's Serpentskin Sales.
  3491 | D:7      | Bought a scroll of poison for 40 gold pieces
  3569 | D:7      | Reached ***** piety under Uskayaw
  3849 | D:7      | Reached skill level 6 in Fighting
  3849 | D:7      | Reached skill level 7 in Unarmed Combat
  3849 | D:7      | Reached skill level 1 in Invocations
  3877 | D:7      | Reached XP level 9. HP: 84/89 MP: 7/9
  3943 | D:6      | You pick up a book of Spatial Translocations and begin
                  | reading...
  3943 | D:6      | You add the spells Blink, Momentum Strike and Lesser
                  | Beckoning to your library.
  3982 | D:6      | Found a sand-covered staircase.
  3993 | Ossuary  | Entered an ossuary
  4053 | Ossuary  | Reached skill level 2 in Invocations
  4306 | D:6      | Found a snail-covered altar of Cheibriados.
  4347 | D:6      | Reached skill level 3 in Invocations
  4604 | D:6      | Reached skill level 8 in Unarmed Combat
  4975 | D:5      | You pick up a book of Weapons and begin reading...
  4975 | D:5      | You add the spells Tukima's Dance and Iskenderun's Mystic
                  | Blast to your library.
  5099 | D:5      | Reached skill level 7 in Fighting
  5135 | D:5      | Found a blossoming altar of Fedhas.
  5150 | D:5      | Found a hazy altar of Hepliaklqana.
  5303 | D:7      | Bought +0 swamp dragon scales for 500 gold pieces
  5471 | D:7      | Reached skill level 4 in Invocations
  5626 | D:7      | Found a staircase to the Ecumenical Temple.
  5845 | D:8      | Reached skill level 1 in Armour
  6001 | D:8      | Killed Prince Ribbit
  6002 | D:8      | Reached XP level 10. HP: 83/102 MP: 12/12
  6213 | D:8      | Reached skill level 2 in Armour
  6316 | D:8      | Noticed Maggie
  6330 | D:8      | Killed Maggie
  6331 | D:8      | Reached skill level 9 in Unarmed Combat
  6331 | D:8      | Reached skill level 5 in Invocations
  6350 | D:8      | Found a staircase to the Lair.
  6795 | D:9      | Reached skill level 3 in Armour
  7090 | D:9      | Found a stormy altar of Qazlal.
  7157 | D:9      | Reached skill level 8 in Fighting
  7513 | D:10     | Entered Level 10 of the Dungeon
  7555 | D:10     | Noticed a manticore
  7561 | D:10     | Killed a manticore
  7686 | D:10     | You pick up a book of Iron and begin reading...
  7686 | D:10     | You add the spells Summon Lightning Spire, Animate Armour
                  | and Lee's Rapid Deconstruction to your library.
  7712 | D:10     | Found a runed translucent door.
  7722 | D:10     | Noticed a necromancer
  7722 | D:10     | Noticed a centaur warrior
  7722 | D:10     | Noticed a catoblepas
  7722 | D:10     | Noticed a lich
  7724 | D:10     | Noticed a skeletal warrior
  7725 | D:10     | Noticed bchevrier's ghost (journeyman GnWn)
  7725 | D:10     | Noticed a skeletal warrior
  7731 | D:10     | Found a runed translucent door.
  7738 | D:10     | Reached skill level 6 in Invocations
  7761 | D:10     | Reached skill level 4 in Armour
  7761 | D:10     | Reached XP level 11. HP: 73/111 MP: 14/14
  7775 | D:10     | Noticed a tengu warrior
  7775 | D:10     | Noticed a tengu warrior
  7879 | Lair:1   | Entered Level 1 of the Lair of Beasts
  8052 | Lair:1   | Reached skill level 10 in Unarmed Combat
  8265 | Lair:1   | Reached skill level 7 in Invocations
  8295 | Lair:1   | Reached skill level 9 in Fighting
  8383 | Lair:1   | Reached skill level 5 in Shapeshifting
  8614 | Lair:1   | Identified the +5 short sword of the Forgotten Eyes {heavy,
                  | Int+3}
  8820 | Lair:2   | Reached skill level 11 in Unarmed Combat
  8924 | Lair:2   | You pick up a book of Burglary and begin reading...
  8924 | Lair:2   | You add the spells Ensorcelled Hibernation and Swiftness to
                  | your library.
  8979 | Lair:2   | Reached XP level 12. HP: 124/124 MP: 16/16
  9192 | Lair:2   | Reached skill level 6 in Shapeshifting
  9196 | Lair:2   | Reached skill level 8 in Invocations
  9251 | Lair:2   | Noticed an eight-headed hydra
  9365 | Lair:3   | Noticed an eight-headed hydra
  9377 | Lair:3   | Killed a nine-headed hydra
  9545 | Lair:3   | Reached skill level 10 in Fighting
  9604 | Lair:3   | Found a staircase to the Snake Pit.
  9726 | Lair:3   | Found a staircase to the Swamp.
  9726 | Lair:3   | Noticed an eleionoma
  9736 | Lair:3   | Killed an eleionoma
  9737 | Lair:3   | Reached skill level 7 in Shapeshifting
  9763 | Lair:3   | Noticed a catoblepas
  9786 | Lair:3   | Killed a catoblepas
  9805 | Lair:3   | Reached skill level 12 in Unarmed Combat
  9973 | Lair:4   | magus.rc [v1.10.3]
 10197 | Lair:4   | Found a runed translucent door.
 10259 | Lair:4   | Found a snail-covered altar of Cheibriados.
 10689 | Lair:4   | Noticed an entropy weaver
 10779 | Lair:5   | Entered Level 5 of the Lair of Beasts
 10816 | Lair:5   | Reached skill level 11 in Fighting
 10982 | Lair:5   | magus.rc [v1.10.3]
 10999 | Lair:4   | Reached XP level 13. HP: 91/137 MP: 18/18
 11004 | Lair:4   | Reached skill level 13 in Unarmed Combat
 11311 | Lair:5   | Reached skill level 2 in Dodging
 11363 | Lair:5   | HP: 4/137 [boulder beetle (39)]
 11364 | Lair:5   | Slain by a boulder beetle

Vanquished Creatures
  An eleionoma (Lair:3)
  A hydra (Lair:3)
  A catoblepas (Lair:3)
  A skyshark (Lair:4)
  4 fire crabs (Lair:4)
  Pikel (D:5)
  2 manticores
  4 black mambas
  An elephant (Lair:5)
  6 cane toads
  A torpor snail (Lair:2)
  Maggie (D:8)
  2 rime drakes (Lair:3)
  9 komodo dragons
  Prince Ribbit (D:8)
  10 blink frogs
  A snapping turtle (Lair:5)
  11 dream sheep
  A vampire (D:9)
  Sigmund (D:2)
  A shadow (D:10)
  3 basilisks
  2 wraiths
  5 wyverns
  38 yaks
  2 steam dragons
  An acid dragon (D:9)
  3 nagas (Lair:3)
  12 water moccasins
  2 black bears
  3 sky beasts (D:7)
  4 ice beasts
  7 orc warriors
  2 ogres (D:6)
  5 wolves (Lair:1)
  3 lemures (D:5)
  3 kobold brigands
  9 bullfrogs
  A gnoll sergeant (D:9)
  4 scorpions
  3 wights (D:9)
  5 killer bees (D:8)
  2 electric eels (Lair:2)
  3 howler monkeys (D:7)
  3 hounds
  10 orc priests
  7 hell rats
  6 orc wizards
  4 iguanas
  9 mummies
  Robin (D:2)
  9 gnolls
  10 adders
  3 shadow imps
  4 white imps
  A dart slug (D:6)
  39 orcs
  6 bats
  4 endoplasms
  8 giant cockroaches
  4 gnoll zombies (Ossuary)
  19 goblins
  7 hobgoblins
  6 jackals
  5 quokkas
  7 ball pythons
  7 frilled lizards
  16 kobolds
  2 kobold zombies (Ossuary)
  2 orc zombies (Ossuary)
  4 rats (D:1)
386 creatures vanquished.

Table legend:
 A = Non-vault XP
 B = Vault XP
 C = Vault XP percentage of total XP
 D = Non-vault monster count
 E = Vault monster count
 F = Vault count percentage of total count
                 A         B        C        D         E       F
            +---------+---------+-------+---------+---------+-------
      Total |   34209 |   10045 |  22.7 |     316 |      67 |  17.5
            +---------+---------+-------+---------+---------+-------
        D:1 |      42 |       3 |   6.7 |      25 |       2 |   7.4
        D:2 |      75 |     261 |  77.7 |      15 |      14 |  48.3
        D:3 |     122 |       0 |   0.0 |      21 |       0 |   0.0
        D:4 |     212 |       9 |   4.1 |      14 |       4 |  22.2
        D:5 |     581 |     685 |  54.1 |      19 |       1 |   5.0
        D:6 |    1278 |      22 |   1.7 |      21 |       2 |   8.7
        D:7 |    1015 |     283 |  21.8 |      20 |       6 |  23.1
        D:8 |    1885 |    1578 |  45.6 |      27 |       7 |  20.6
        D:9 |    1636 |       0 |   0.0 |      35 |       0 |   0.0
       D:10 |    1681 |       0 |   0.0 |       9 |       0 |   0.0
     Lair:1 |    6485 |     810 |  11.1 |      33 |       3 |   8.3
     Lair:2 |    4650 |       0 |   0.0 |      23 |       0 |   0.0
     Lair:3 |    5497 |    1525 |  21.7 |      17 |       4 |  19.0
     Lair:4 |    2210 |    3485 |  61.2 |       6 |       5 |  45.5
     Lair:5 |    6840 |    1227 |  15.2 |      31 |       3 |   8.8
    Ossuary |       0 |     157 | 100.0 |       0 |      16 | 100.0
            +---------+---------+-------+---------+---------+-------

Skill      XL: |  1  2  3  4  5  6  7  8  9 10 11 12 13 |
---------------+----------------------------------------+-----
Fighting       | 1 3 4 5 6 7 8 9 11 | 11.4
Unarmed Combat | 1 3 4 5 7 8 9 11 12 13 | 13.3
Shapeshifting  | 2 3 4 5 7 |  7.0
Invocations    | 1 4 6 7 8 |  8.1
Armour         | 1 4 |  4.0
Dodging        | 2 |  2.3
Stealth        | |  0.3
Evocations     | |  2.1

Action                     |  1- 3 |  4- 6 |  7- 9 | 10-12 | 13-15 || total
---------------------------+-------+-------+-------+-------+-------++-------
  Melee: Unarmed           |    77 |   170 |   335 |   581 |    76 ||  1239
         Punch             |     1 |     6 |    11 |    40 |     9 ||    67
  Throw: Dart              |       |       |       |    13 |     2 ||    15
 Invoke: Line Pass         |       |       |       |     1 |       ||     1
  Evoke: Wand              |     5 |     7 |     2 |    12 |       ||    26
    Use: Scroll            |       |       |     8 |     7 |       ||    15
         Potion            |       |       |       |       |     1 ||     1
   Stab: Sleeping          |     3 |       |     1 |       |       ||     4
         Paralysed         |       |       |    13 |    42 |    15 ||    70
 Armour: Robe              |    34 |   126 |   162 |       |       ||   322
         Swamp dragon scal |       |       |    45 |   583 |    64 ||   692
         Steam dragon scal |       |       |    15 |       |       ||    15
  Dodge: Dodged            |    45 |    77 |   151 |   241 |    29 ||   543

Illustrated notes

Table legend:
 A = Kills in this place as a percentage of kills in the entire game.
 B = Kills by you in this place as a percentage of kills by you in the entire game.
 C = Kills by friends in this place as a percentage of kills by friends in the entire game.
 D = Other kills in this place as a percentage of other kills in the entire game.
 E = Experience gained in this place as a percentage of experience gained in the entire game.
 F = Experience gained in this place divided by the number of levels of this place that you have seen.
                   A       B       C       D       E      F
               +-------+-------+-------+-------+-------+----------------------
         Total | 100.0 | 100.0 |   N/A | 100.0 | 100.0 | 2765.9
       Dungeon |  63.2 |  63.1 |   N/A | 100.0 |  25.7 | 1136.8
          Lair |  32.6 |  32.7 |   N/A |   0.0 |  74.0 | 6545.8
       Ossuary |   4.2 |   4.2 |   N/A |   0.0 |   0.4 | 157.0
               +-------+-------+-------+-------+-------+----------------------

Table legend: (Time is in decaauts)
 A = Elapsed time spent in this place.
 B = Non-inter-level travel time spent in this place.
 C = Inter-level travel time spent in this place.
 D = Time resting spent in this place.
 E = Time spent auto-exploring this place.
 F = Levels seen in this place.
 G = Mean time per level.
                   A        B        C        D        E       F      G
               +--------+--------+--------+--------+--------+-----+--------+
         Total |  11190 |  10371 |    819 |    812 |   4351 |  16 |  699.4 |
       Dungeon |   7618 |   7130 |    488 |    270 |   3852 |  10 |  761.8 |
          Lair |   3379 |   3049 |    330 |    542 |    465 |   5 |  675.8 |
       Ossuary |    192 |    192 |      0 |      0 |     34 |   1 |  192.0 |
               +--------+--------+--------+--------+--------+-----+--------+

Top non-repeatable levels by time:
     D:8: 1505 daAuts
     D:7: 930 daAuts
  Lair:4: 873 daAuts
     D:1: 861 daAuts
  Lair:1: 784 daAuts
     D:6: 779 daAuts
     D:9: 768 daAuts
     D:3: 699 daAuts
     D:5: 697 daAuts
  Lair:3: 640 daAuts
  Lair:2: 628 daAuts
     D:4: 564 daAuts
     D:2: 518 daAuts
  Lair:5: 454 daAuts
    D:10: 295 daAuts
